 Dungeon Crawl Stone Soup version 0.18-a0-1238-g8adb878 (webtiles) character file.

75 Gottschkopf the Conjurer (level 4, 0/24 HPs)
             Began as a Deep Elf Conjurer on Feb 5, 2016.
             Killed from afar by Sigmund (9 damage)
             ... with a puff of flame
             ... on level 3 of the Dungeon.
             The game lasted 00:11:06 (1726 turns).

Gottschkopf the Conjurer (Deep Elf Conjurer)        Turns: 1726, Time: 00:11:06

Health: 0/24       AC:  2    Str:  5    XL:     4   Next: 11%
Magic:  4/12       EV: 13    Int: 21    God:
Gold:   128        SH:  0    Dex: 15    Spells: 2 memorised, 8 levels left

rFire  . . .     SeeInvis +     l - +0 dagger
rCold  . . .     Gourm    +     n - +0 robe
rNeg   . . .     Faith    .     (no shield)
rPois  .         Spirit   .     (no helmet)
rElec  .         Dismiss  .     (no cloak)
rCorr  .         Reflect  .     (no gloves)
SustAt .         Harm     .     (no boots)
MR     .....                    j - amulet of the gourmand
Stlth  ++........               (no ring)
                                i - ring of see invisible

@: not resistant to hostile enchantments, unstealthy
A: no striking features
a: no special abilities


You were on level 3 of the Dungeon.
You were full.

You visited 1 branch of the dungeon, and saw 3 of its levels.

You collected 128 gold pieces.

Inventory:

Hand Weapons
 h - a +0 dagger
 l - a +0 dagger (weapon)
Armour
 a - a +0 robe
 n - a +0 robe (worn)
Jewellery
 i - a ring of see invisible (left hand)
 j - an amulet of the gourmand (around neck)
Scrolls
 d - 4 scrolls of remove curse {unknown}
 e - a scroll of amnesia {unknown}
 g - 3 scrolls of identify {unknown}
 k - a scroll of enchant armour {unknown}
 o - a scroll of immolation {unknown}
 p - a scroll of fog {unknown}
Potions
 q - 3 potions of cancellation {unknown}
Books
 b - a book of Conjurations

   Spells                             Type                      Level
   a - Magic Dart                     Conjuration                  1
   b - Searing Ray                    Conjuration                  2
   c - Dazzling Spray                 Conjuration/Hexes            3
   d - Fulminant Prism                Conjuration/Hexes            4
   e - Iskenderun's Mystic Blast      Conjuration                  4
   f - Iskenderun's Battlesphere      Conjuration/Charms           5
Comestibles
 c - 2 bread rations
 f - 2 slices of pizza
 m - 4 fruits
 r - a meat ration


   Skills:
 + Level 0.1 Fighting
 + Level 2.8 Dodging
 + Level 2.5 Stealth
 * Level 4.2 Spellcasting
 + Level 5.4 Conjurations


You had 8 spell levels left.
You knew the following spells:

 Your Spells              Type           Power        Failure   Level  Hunger
a - Magic Dart            Conj           ####         1%          1    None
b - Searing Ray           Conj           ####..       1%          2    #......


Dungeon Overview and Level Annotations

Branches:
Dungeon (3/15)

Altars:
The Shining One

Annotations:
D:3 Sigmund


Message History

Casting: Magic Dart
Confirm with . or Enter, or press ? or * to list all spells.
Aiming: Magic Dart
Press: ? - help, Shift-Dir - straight line, f/p - Sigmund
Aim: Sigmund, wielding a scythe and wearing a robe (moderately wounded)
The magic dart hits the ball python.
You kill the ball python!
Casting: Magic Dart
Confirm with . or Enter, or press ? or * to list all spells.
Aiming: Searing Ray
Press: ? - help, Shift-Dir - straight line, f/p - Sigmund
Aim: Sigmund, wielding a scythe and wearing a robe (moderately wounded)
The searing ray hits Sigmund.
Sigmund is severely wounded.
Sigmund gestures at you while chanting. The magic dart hits you!
The searing ray misses Sigmund.
Sigmund points at you and mumbles some strange words.
The puff of flame hits you!
You die...

#.# ####. #.# ##### #.# .
+.... #.# .. #####
#############.# ... #####
#.............# ....
#.... ##.############
.@... #.### #.#
##########...... #.# #
#.###.......@....†..
#.###
#...#.###############
#.#..
###.#.#..##########.#
#.#.# #.#.#..##.........#
#.#.# #.#.#..##.#######.#
#.#.# #......#...# #.#
#.... ###.#......# #.#
###.# #.####...#
#.#######.#
#........######.......#.#


You could see Sigmund.

Vanquished Creatures
  3 adders
  A worm (D:2)
  6 giant cockroaches
  5 goblins
  6 hobgoblins
  7 kobolds
  A ball python (D:3)
  4 bats
  3 giant newts
  8 rats
44 creatures vanquished.

Notes
Turn   | Place    | Note
--------------------------------------------------------------
     0 | D:1      | Gottschkopf the Deep Elf Conjurer began the quest for the Orb.
     0 | D:1      | Reached XP level 1. HP: 10/10 MP: 6/6
   240 | D:1      | Reached XP level 2. HP: 15/15 MP: 2/8
   320 | D:1      | Reached skill level 5 in Conjurations
   368 | D:1      | Learned a level 2 spell: Searing Ray
   744 | D:2      | Found a glowing golden altar of the Shining One.
   765 | D:2      | Reached XP level 3. HP: 19/19 MP: 8/10
  1545 | D:3      | Reached XP level 4. HP: 22/24 MP: 3/12
  1719 | D:3      | Noticed Sigmund
  1726 | D:3      | Killed from afar by Sigmund

Vault maps used:
D:1:      lightli_molten_gateway, st_stairs_1
D:2:      lemuel_round_altar, corexii_leaking_fountain
D:3:      uniq_sigmund, uniq_robin, uniq_terence

Action                   |  1- 3 |  4- 6 || total
-------------------------+-------+-------++-------
 Cast: Magic Dart        |    66 |     7 ||    73
       Searing Ray       |     3 |     1 ||     4
  Eat: Chunk             |    10 |       ||    10
